Map: King's Cove LE

Players

Mez - Winner!

  • Race: Terran Terran
  • League: Master
  • Spawn Location: 11:00

Flex

  • Race: Protoss Protoss
  • League: Master
  • Spawn Location: 5:00

VOD

Have the link to the VOD?

Description

Time

  • Played on: Aug. 7, 2019, 12:53 p.m.
  • Length: 7:03
Show
View Real Time Build Order
Export as new Build Order

Mez Terran - Winner!

Build Orders: Reaper Expand 

Get SALT Encoding   

  12  0:00  SCV  
  13  0:13  SCV  
  14  0:18  Supply Depot  
  14  0:25  SCV  
  15  0:40  SCV  
  15  0:41  Barracks  
  16  0:46  Refinery  
  16  0:52  SCV  
  17  1:04  SCV  
  18  1:16  SCV  
  19  1:31  Reaper, Orbital Command  
  20  1:48  Command Center  
  20  1:58  SCV  
  21  2:02  Barracks  
  21  2:04  Barracks Reactor  
  21  2:10  SCV  
  21  2:13  Barracks  
  22  2:23  Supply Depot  
  22  2:25  SCV  
  23  2:44  SCV, Marine x2  
  23  2:49  Barracks Tech Lab  
  26  2:56  SCV  
  27  3:01  Orbital Command  
  27  3:02  Marine  
  27  3:03  Marine x2  
  30  3:09  SCV  
  30  3:10  Concussive Shells, Marauder  
  33  3:20  Marine x2  
  33  3:21  Marine  
  33  3:26  SCV x2  
  38  3:27  Supply Depot  
  38  3:31  Marauder  
  40  3:37  Marine  
  40  3:38  SCV, Marine  
  40  3:39  SCV, Marine  
  45  3:53  Marine, Supply Depot  
  45  3:55  Marine  
  46  3:56  Marine  
  46  3:59  SCV x2  
  46  4:01  Marine  
  51  4:10  Stimpack  
  51  4:11  SCV x2  
  53  4:20  Command Center  
  53  4:21  Supply Depot  
  53  4:23  SCV, Marine x3  
  53  4:24  SCV  
  58  4:25  Marine  
  59  4:35  Factory  
  59  4:36  Refinery  
  59  4:38  Refinery  
  57  4:59  Marine x4  
  57  5:09  Barracks  
  57  5:11  Barracks  
  57  5:17  SCV x2  
  53  5:25  Marine x2  
  53  5:26  Marine x2  
  53  5:29  SCV  
  53  5:30  SCV  
  53  5:32  Starport, Factory Reactor  
  53  5:33  Orbital Command  
  55  5:38  Engineering Bay  
  55  5:40  Refinery  
  55  5:41  Engineering Bay, SCV  
  55  5:42  SCV  
  57  5:43  Bunker, Marine  
  57  5:45  Barracks Tech Lab  
  57  5:47  Marauder  
  60  5:54  SCV x2  
  62  5:58  Barracks Reactor  
  62  5:59  Barracks Tech Lab  
  62  6:01  SCV  
  63  6:06  SCV x2  
  63  6:09  Marine  
  63  6:10  Marine, Marauder x2  
  69  6:13  SCV  
  70  6:22  Medivac x2  
  70  6:24  Marauder  
  74  6:27  Marine  
  74  6:29  SCV x2  
  74  6:31  Marauder  
  75  6:49  SCV  
  76  6:54  Supply Depot  
Show
View Real Time Build Order
Export as new Build Order

Flex Protoss 

Build Orders: 1 Gate Expand, Phoenix Opening, Blink Stalkers 

Get SALT Encoding   

  12  0:01  Probe  
  13  0:13  Probe  
  14  0:19  Pylon  
  14  0:25  Probe  
  15  0:33  Probe  
  15  0:39  Gateway  
  15  0:41  Probe  
  16  0:48  Assimilator  
  17  0:51  Probe  
  18  1:03  Probe  
  19  1:15  Probe  
  20  1:26  Nexus  
  20  1:36  Cybernetics Core  
  20  1:40  Probe  
  21  1:49  Assimilator  
  21  1:53  Probe  
  22  1:56  Pylon  
  22  2:04  Stalker  
  22  2:05  Probe  
  23  2:14  Probe, Warp Gate  
  25  2:22  Probe  
  27  2:31  Probe  
  27  2:34  Sentry  
  29  2:39  Probe  
  29  2:43  Probe, Twilight Council  
  31  2:51  Probe  
  32  2:55  Probe  
  33  3:03  Probe  
  34  3:07  Probe  
  34  3:08  Phoenix  
  34  3:11  Gateway  
  35  3:15  Probe, Gateway  
  36  3:21  Stalker  
  36  3:23  Probe, Blink  
  39  3:27  Probe  
  40  3:38  Probe  
  40  3:40  Probe  
  42  3:42  Pylon  
  42  3:50  Probe, Pylon  
  42  3:53  Probe  
  44  4:09  Probe  
  45  4:11  Stalker x3  
  45  4:13  Probe  
  45  4:16  Robotics Facility  
  52  4:23  Probe  
  53  4:26  Probe  
  54  4:35  Probe, Assimilator  
  54  4:37  Stalker  
  54  4:38  Stalker x2  
  59  4:39  Assimilator  
  48  5:11  Stalker x2  
  45  5:19  Warp Prism  
  39  5:24  Stalker  
  38  6:01  Probe x2  
  40  6:16  Probe x2  
  42  6:38  Stalker x3  
  28  6:48  Stalker x3  
Tags
 
Add a new tag
Caveats
  • Supply blocks, unpowered buildings, or Contaminate may cause inaccurate times.
  • Supply counts are checked every 10 seconds.